[Event "Titled Tuesday Blitz January 10 Late 2023"]
[White "Womacka, Mathias"]
[Black "Stavri, Gligor"]
[WhiteFideId "4611390"]
[BlackFideId "4706013"]
[WhiteElo "2396"]
[BlackElo "1867"]
[Result "0-1"]
[Round "07"]
[TimeControl "180+2"]
[Date "2023.01.10"]
[WhiteClock "0:00:12"]
[BlackClock "0:00:03"]

1. e4 c5 2. Nf3 Nc6 3. d4 cxd4 4. Nxd4 e6 5. Nc3 Qc7 6. Be3 a6 7. Bd3 b5 8. Nxc6 Qxc6 9. e5 Bb7 10. Be4 Qc7 11. Qf3 Bxe4 12. Nxe4 Rc8 13. Bf4 Qc6 14. O-O Be7 15. c3 f5 16. exf6 Nxf6 17. Nxf6+ Bxf6 18. Qxc6 Rxc6 19. a4 Ke7 20. axb5 axb5 21. Ra5 b4 22. cxb4 Rc4 23. Be3 Bxb2 24. Bc5+ Kf6 25. Ra7 d5 26. g3 Rb8 27. Re1 Bc3 28. Re3 Bxb4 29. Rf3+ Kg6 30. Bxb4 Rcxb4 31. Rff7 d4 32. Rxg7+ Kf5 33. Rxh7 e5 34. Rad7 Ke4 35. Kg2 Rb2 36. Rh4+ Kd3 37. Rh5 e4 38. Rhd5 R8b4 39. Kf1 Rb1+ 40. Kg2 R1b2 41. Kf1 Rc4 42. h3 Rb1+ 43. Kg2 Rb2 44. Kf1 Kc3 45. h4 d3 46. h5 Rb1+ 47. Kg2 Rb2 48. Kh3 Rxf2 49. h6 Rc6 50. R7d6 Rxd6 51. Rxd6 Rf7 52. g4 d2 53. g5 Rf3+ 54. Kg4 Rd3 55. Rxd3+ exd3 56. h7 d1=Q+ 57. Kf5 Qh1 58. Kg6 d2 59. Kg7 d1=Q 60. h8=Q Qxh8+ 61. Kxh8 Qg4 62. g6 Qh5+ 63. Kg7 Kd4 64. Kf6 Qh6 65. Kf7 Qf4+ 66. Ke6 Qg5 67. Kf7 Qf5+ 68. Kg7 Ke5 69. Kh6 Kf6 70. g7 Qg6# 0-1


[Site "https://www.chess.com"]

[Event "Titled Tuesday Blitz January 10 Late 2023"]
[White "Herbst, Richard"]
[Black "Arencibia Monduy, Antonio"]
[WhiteFideId "2041251"]
[BlackFideId "3507939"]
[WhiteElo "2120"]
[BlackElo "2122"]
[Result "1/2-1/2"]
[Round "07"]
[TimeControl "180+2"]
[Date "2023.01.10"]
[WhiteClock "0:00:07"]
[BlackClock "0:00:09"]

1. e4 c5 2. Nf3 d6 3. d4 cxd4 4. Qxd4 Nc6 5. Bb5 Bd7 6. Bxc6 Bxc6 7. c4 Nf6 8. Nc3 g6 9. b3 Bg7 10. Bb2 O-O 11. Nd5 Bxd5 12. exd5 b5 13. O-O Nh5 14. Qd2 Bxb2 15. Qxb2 bxc4 16. bxc4 Qc7 17. Rac1 Rac8 18. Qd4 Qa5 19. Rc2 Rc7 20. Re1 Rfc8 21. h3 Qa4 22. Qd3 Nf6 23. Rec1 Rc5 24. Nd4 Nd7 25. Nc6 Ne5 26. Nxe5 dxe5 27. Qe4 f6 28. Qg4 Kf8 29. d6 exd6 30. Qe6 Qe8 31. Qxf6+ Kg8 32. Qxd6 R8c6 33. Qd3 Qf7 34. Qe4 Kg7 35. Rc3 Qe6 36. h4 a5 37. a4 Qf5 38. Qe3 Qg4 39. g3 Qf5 40. Kg2 h5 41. Qf3 Qe6 42. Qe4 Qf7 43. Qd3 Qe6 44. Qd8 Rc8 45. Qd3 R8c7 46. Qe2 Qc6+ 47. Qf3 Qe6 48. Qe4 Rd7 49. Qf3 Rf7 50. Qe4 Rd7 51. Re3 Rd6 52. Rb1 Rdc6 53. Rb7+ Rc7 54. Rxc7+ Rxc7 55. Qd5 Qxd5+ 56. cxd5 Kf6 57. Rb3 Rc5 58. Rb5 Rxb5 59. axb5 a4 60. b6 a3 61. b7 a2 62. b8=Q a1=Q 63. Qd6+ Kf7 64. Qe6+ Kg7 65. d6 Qd4 66. d7 Qe4+ 67. Kg1 Qe1+ 68. Kg2 Qe4+ 69. f3 Qe2+ 70. Kh3 Qf1+ 71. Kh2 Qf2+ 72. Kh3 Qf1+ 73. Kh2 Qf2+ 74. Kh3 Qf1+ 1/2-1/2


[Site "https://www.chess.com"]

[Event "Titled Tuesday Blitz January 10 Late 2023"]
[White "Gardezi, Arsal"]
[Black "Kosakowski, Jakub"]
[WhiteFideId "30949521"]
[BlackFideId "1185080"]
[WhiteElo "2093"]
[BlackElo "2485"]
[Result "0-1"]
[Round "07"]
[TimeControl "180+2"]
[Date "2023.01.10"]
[WhiteClock "0:00:06"]
[BlackClock "0:00:47"]

1. Nf3 d5 2. g3 Nd7 3. Bg2 e5 4. d3 Ngf6 5. Nbd2 Bd6 6. e4 c6 7. O-O O-O 8. Re1 Re8 9. c3 a5 10. Qc2 h6 11. d4 exd4 12. cxd4 Nxe4 13. Nxe4 dxe4 14. Rxe4 Rxe4 15. Qxe4 Nf6 16. Qd3 Be6 17. Bd2 Qc7 18. Re1 Bxa2 19. Ne5 Bd5 20. Qf5 Re8 21. Bxh6 Bxg2 22. Kxg2 Re6 23. Bxg7 Kxg7 24. Qg5+ Kh7 25. Qh4+ Kg8 26. Qg5+ Kh8 27. Ng6+ Kh7 28. Rxe6 fxe6 29. Qxf6 Qg7 30. Qxg7+ Kxg7 31. Ne5 a4 32. Nc4 Bc7 33. Kf3 b5 34. Nd2 Ba5 35. Ne4 b4 36. Nc5 a3 37. Nxe6+ Kf6 38. bxa3 b3 39. Nc5 b2 40. Ne4+ Ke7 41. Nd2 0-1


[Site "https://www.chess.com"]

[Event "Titled Tuesday Blitz January 10 Late 2023"]
[White "Melikyan, Gnel"]
[Black "Colivet Gamboa, Julio Cesar"]
[WhiteFideId "54109990"]
[BlackFideId "3949583"]
[WhiteElo "2238"]
[BlackElo "1844"]
[Result "1-0"]
[Round "07"]
[TimeControl "180+2"]
[Date "2023.01.10"]
[WhiteClock "0:00:09"]
[BlackClock "0:00:06"]

1. a3 Nf6 2. Nf3 g6 3. b4 Bg7 4. Bb2 O-O 5. g3 c5 6. Bg2 Qb6 7. c3 cxb4 8. axb4 d6 9. O-O Bf5 10. d3 Nbd7 11. Nbd2 d5 12. Qa4 Rfc8 13. Nd4 Bg4 14. h3 e5 15. hxg4 exd4 16. c4 Ne5 17. g5 Nfg4 18. Bxd5 Qd8 19. f4 Nc6 20. b5 Ne3 21. bxc6 bxc6 22. Bf3 Nxf1 23. Kxf1 Rab8 24. Ba3 Qd7 25. Kg2 h6 26. gxh6 Bxh6 27. Ne4 Bg7 28. Bc5 f5 29. Ng5 Rc7 30. Qa3 Rcb7 31. Bd6 Rd8 32. Qa6 Rb6 33. Qxa7 Qxa7 34. Rxa7 Rxd6 35. c5 Bf6 36. cxb6 c5 37. b7 Rb6 38. Ra8+ Kg7 39. b8=Q Rxb8 40. Rxb8 Bxg5 41. fxg5 f4 42. Bd5 Kh7 43. Rb7+ Kh8 44. Kf3 c4 45. Kxf4 cxd3 46. Ke5 dxe2 47. Kf6 e1=Q 48. Rb8+ 1-0


[Site "https://www.chess.com"]

[Event "Titled Tuesday Blitz January 10 Late 2023"]
[White "Golubev, Mikhail"]
[Black "Liu, Kelsey"]
[WhiteFideId "14100983"]
[BlackFideId "30944481"]
[WhiteElo "2461"]
[BlackElo "2065"]
[Result "1-0"]
[Round "07"]
[TimeControl "180+2"]
[Date "2023.01.10"]
[WhiteClock "0:00:14"]
[BlackClock "0:00:02"]

1. e4 c5 2. Nf3 e6 3. d4 cxd4 4. Nxd4 Nc6 5. Nc3 Nf6 6. a3 Be7 7. Be3 O-O 8. Be2 d6 9. O-O Bd7 10. f4 e5 11. fxe5 dxe5 12. Nf5 Bxf5 13. Rxf5 Qc8 14. Nd5 Nxd5 15. Qxd5 Bf6 16. Rxf6 gxf6 17. Rf1 Qe6 18. Bh6 Qxd5 19. exd5 Nd4 20. Bd3 Rfd8 21. c3 Nb3 22. Rxf6 Nc5 23. Rf3 Rxd5 24. Rg3+ Kh8 25. Bg7+ Kg8 26. Bf6+ Kf8 27. Bxh7 Rd1+ 28. Kf2 Ne4+ 29. Bxe4 Rd2+ 30. Ke3 Rd1 31. Rh3 Re1+ 32. Kd2 1-0


[Site "https://www.chess.com"]

[Event "Titled Tuesday Blitz January 10 Late 2023"]
[White "Gurevich, Dmitry"]
[Black "Cueto, Jonny"]
[WhiteFideId "2000407"]
[BlackFideId "3300145"]
[WhiteElo "2393"]
[BlackElo "2122"]
[Result "1-0"]
[Round "07"]
[TimeControl "180+2"]
[Date "2023.01.10"]
[WhiteClock "0:01:03"]
[BlackClock "0:00:02"]

1. d4 d6 2. Nf3 Nd7 3. e4 e5 4. Bc4 Be7 5. dxe5 Nb6 6. Bb3 Bg4 7. h3 Bh5 8. exd6 Bxd6 9. O-O Ne7 10. e5 Bc5 11. Qe2 c6 12. Nc3 O-O 13. Ne4 Bxf3 14. Qxf3 Bd4 15. Bf4 Qc7 16. e6 Be5 17. exf7+ Kh8 18. Ng5 Bxf4 19. Ne6 Qe5 20. Nxf4 Qf6 21. Rfe1 Ng6 22. Nxg6+ Qxg6 23. Rad1 Nd5 24. Bxd5 cxd5 25. Re7 d4 26. Rxd4 1-0


[Site "https://www.chess.com"]

[Event "Titled Tuesday Blitz January 10 Late 2023"]
[White "Aguilar, Juan"]
[Black "Zanette, Edgard Vinicius"]
[WhiteFideId "3800091"]
[BlackFideId "2109263"]
[WhiteElo "2254"]
[BlackElo "2085"]
[Result "0-1"]
[Round "07"]
[TimeControl "180+2"]
[Date "2023.01.10"]
[WhiteClock "0:00:35"]
[BlackClock "0:00:26"]

1. g3 d5 2. Bg2 Nf6 3. d3 Bf5 4. Nf3 c6 5. O-O h6 6. c4 e6 7. Qb3 Qb6 8. Be3 Qxb3 9. axb3 a6 10. Nc3 Nbd7 11. Ra4 Bc5 12. d4 Bd6 13. c5 Bc7 14. Rfa1 O-O 15. b4 Rae8 16. Nh4 Bc2 17. R4a3 e5 18. Rc1 Bh7 19. Nf3 exd4 20. Bxd4 Ne4 21. e3 Ndf6 22. h3 Re7 23. Rd1 Rfe8 24. Nd2 Nxd2 25. Rxd2 Ne4 26. Nxe4 Bxe4 27. Bxe4 Rxe4 28. Kg2 f5 29. h4 g6 30. Ra1 Kf7 31. f4 Bd8 32. h5 Bf6 33. hxg6+ Kxg6 34. Bxf6 Kxf6 35. Rh1 Kg6 36. g4 fxg4 37. Kg3 h5 38. f5+ Kg5 39. Rf2 Rxe3+ 40. Kg2 Re2 41. Rf1 Rxf2+ 42. Rxf2 Rf8 43. Re2 Rf7 44. Re5 Kf4 0-1


[Site "https://www.chess.com"]

[Event "Titled Tuesday Blitz January 10 Late 2023"]
[White "Corredor Castellanos, Camilo"]
[Black "Belenkaya, Dina"]
[WhiteFideId "4425871"]
[BlackFideId "24142654"]
[WhiteElo "1957"]
[BlackElo "2267"]
[Result "0-1"]
[Round "07"]
[TimeControl "180+2"]
[Date "2023.01.10"]
[WhiteClock "0:00:14"]
[BlackClock "0:00:18"]

1. d4 Nf6 2. c4 g6 3. Nc3 Bg7 4. e4 d6 5. h3 O-O 6. Be3 Nbd7 7. Nf3 e5 8. d5 Nh5 9. g3 f5 10. exf5 gxf5 11. Ng5 Ndf6 12. Be2 Qe8 13. Ne6 Bxe6 14. dxe6 f4 15. Bxf4 Nxf4 16. gxf4 exf4 17. Nd5 Qxe6 18. Nxc7 Qe4 19. f3 Qe3 20. Nxa8 Rxa8 21. Qd3 Qb6 22. O-O-O Ne4 23. Qc2 Nf2 24. c5 Qxc5 25. Qxc5 dxc5 26. Bc4+ Kh8 27. Rhe1 Nxd1 28. Rxd1 Bd4 29. Re1 Be3+ 30. Kc2 Kg7 31. Rd1 Bd4 32. Re1 Kf6 33. Re6+ Kf5 34. Re7 b5 35. Bd3+ Kf6 36. Rxh7 Rg8 37. Rh6+ Ke5 38. Rg6 Rh8 39. Rg5+ Kd6 40. Bxb5 Rxh3 41. Rg6+ Ke5 42. Bc6 Rh2+ 43. Kd3 Rxb2 44. a4 Rb3+ 45. Kd2 c4 46. Rg5+ Kd6 47. Rd5+ Kxc6 48. Rxd4 Rxf3 49. Rxc4+ Kd5 50. Rb4 Rf2+ 51. Kd3 Rf3+ 52. Ke2 Re3+ 53. Kd2 Re4 54. Rb5+ Kc6 55. Kd3 Rxa4 56. Rf5 a5 57. Kc2 Kb6 58. Kb3 Re4 59. Rf6+ Kb5 60. Rf5+ Kb6 61. Rf6+ Kc5 62. Rf5+ Kd4 63. Kc2 a4 64. Ra5 Ke3 65. Kd1 Kf2 66. Kd2 f3 67. Kd1 Rd4+ 68. Kc2 Ke2 69. Re5+ Kf1 70. Rf5 f2 71. Kc3 Rd8 72. Rf4 Ke2 73. Re4+ Kf3 0-1


[Site "https://www.chess.com"]

[Event "Titled Tuesday Blitz January 10 Late 2023"]
[White "De Arruda, Leandro Formes"]
[Black "Necromon"]
[WhiteFideId "22722009"]
[WhiteElo "1980"]
[BlackElo "2454"]
[Result "1-0"]
[Round "07"]
[TimeControl "180+2"]
[Date "2023.01.10"]
[WhiteClock "0:00:38"]
[BlackClock "0:01:18"]

1. d4 Nf6 2. Nf3 c5 3. e3 g6 4. Be2 Bg7 5. O-O O-O 6. c4 cxd4 7. exd4 d5 8. c5 a5 9. Nc3 Nc6 10. Ne5 Nd7 11. f4 f6 12. Nxd7 Qxd7 13. Bf3 e6 14. Nb5 b6 15. cxb6 Rb8 16. a4 Rxb6 17. Be3 Ba6 18. Be2 Na7 19. Qd2 Nxb5 20. Qxa5 Rfb8 21. axb5 Bxb5 22. Bxb5 Rxb5 23. Qa4 Qb7 24. Bc1 Rb4 25. Qa6 Kf7 26. Qd6 Rxd4 27. Be3 f5 28. Bxd4 Bxd4+ 29. Kh1 Bxb2 30. Ra6 Re8 31. Rb6 1-0


[Site "https://www.chess.com"]

[Event "Titled Tuesday Blitz January 10 Late 2023"]
[White "Kabilov, Amin"]
[Black "Estrada Nieto, Julian"]
[WhiteFideId "14700859"]
[BlackFideId "5101018"]
[WhiteElo "2207"]
[BlackElo "2215"]
[Result "0-1"]
[Round "07"]
[TimeControl "180+2"]
[Date "2023.01.10"]
[WhiteClock "0:00:02"]
[BlackClock "0:00:10"]

1. e4 e5 2. Nf3 Nc6 3. Nc3 Nf6 4. Bc4 Bc5 5. O-O d6 6. d3 Na5 7. Bg5 Nxc4 8. dxc4 Be6 9. Nd5 c6 10. b4 cxd5 11. cxd5 Bb6 12. dxe6 fxe6 13. Bxf6 gxf6 14. Nd2 O-O 15. Qg4+ Kh8 16. Qxe6 Qc8 17. Qb3 Qc6 18. c3 Rac8 19. Rac1 f5 20. exf5 Rxf5 21. Qc2 Rcf8 22. Ne4 d5 23. Nc5 Bxc5 24. bxc5 Qxc5 25. Rcd1 e4 26. c4 e3 27. Qe2 Rxf2 28. Rxf2 exf2+ 29. Kf1 Qxc4 30. Qxc4 dxc4 31. Rc1 b5 32. a4 a6 33. axb5 axb5 34. Rb1 Rf5 35. g4 Rd5 36. Kxf2 Kg7 37. Ke3 Rd3+ 38. Ke4 Rb3 39. Rxb3 cxb3 40. Kd3 Kf6 0-1


[Site "https://www.chess.com"]

[Event "Titled Tuesday Blitz January 10 Late 2023"]
[White "Becerra, Juan David"]
[Black "Atanasov, Radislav"]
[WhiteFideId "4404998"]
[BlackFideId "2901471"]
[WhiteElo "2382"]
[BlackElo "2025"]
[Result "1-0"]
[Round "07"]
[TimeControl "180+2"]
[Date "2023.01.10"]
[WhiteClock "0:01:08"]
[BlackClock "0:00:08"]

1. e4 e5 2. Nf3 Nc6 3. Bc4 Nf6 4. c3 Nxe4 5. O-O d5 6. Bb5 Bc5 7. d3 Nd6 8. Bxc6+ bxc6 9. Nxe5 Bd7 10. d4 Bb6 11. Nxd7 Qxd7 12. Re1+ Kf8 13. b3 Re8 14. Ba3 Kg8 15. Nd2 h6 16. Rxe8+ Qxe8 17. Qf1 Kh7 18. Re1 Qd7 19. Qd3+ g6 20. Kf1 Re8 21. Rxe8 Nxe8 22. Nf3 Nf6 23. Ne5 Qe6 24. f3 c5 25. dxc5 Qxe5 26. cxb6 axb6 27. Qd4 Qxd4 28. cxd4 Kg7 29. Be7 Nd7 30. a4 f5 31. b4 Kf7 32. Bd8 c6 33. a5 bxa5 34. bxa5 Nb8 35. g4 fxg4 36. fxg4 Ke8 37. Bb6 Nd7 38. Bc7 c5 39. a6 1-0


[Site "https://www.chess.com"]

[Event "Titled Tuesday Blitz January 10 Late 2023"]
[White "Zampronha, Wladimir Camilo"]
[Black "Szyszylo, Rafal"]
[WhiteFideId "2103087"]
[BlackFideId "1109626"]
[WhiteElo "2176"]
[BlackElo "2091"]
[Result "1-0"]
[Round "07"]
[TimeControl "180+2"]
[Date "2023.01.10"]
[WhiteClock "0:00:30"]
[BlackClock "0:00:17"]

1. e4 d6 2. d4 Nf6 3. Nc3 g6 4. Bg5 Bg7 5. f4 h6 6. Bh4 O-O 7. Qd2 c6 8. O-O-O b5 9. e5 b4 10. exf6 bxc3 11. Qxc3 exf6 12. Nf3 Qb6 13. Kb1 f5 14. Be7 Be6 15. Bxf8 Kxf8 16. Bc4 Nd7 17. Bxe6 fxe6 18. Qb3 Kf7 19. Rhe1 Re8 20. Qxb6 Nxb6 21. b3 Nd5 22. g3 Nc3+ 23. Kc1 Nxd1 24. Kxd1 Rc8 25. c4 Bf6 26. Kd2 g5 27. Kd3 g4 28. Nd2 h5 29. b4 h4 30. a4 a6 31. Rb1 hxg3 32. hxg3 Rh8 33. b5 axb5 34. cxb5 cxb5 35. axb5 Rb8 36. Nc4 Ke7 37. Na5 Kd7 38. Kc4 d5+ 39. Kd3 Rb6 40. Nc6 Rb7 41. Kc3 Kd6 42. Kb4 Bg7 43. Ra1 Bf8 44. Ra8 Be7 45. Rg8 Kd7+ 46. Nxe7 Rc7 47. Nc6 Kd6 48. Rd8+ Rd7 49. Rxd7+ Kxd7 50. Kc5 Kc7 51. Nb4 Kb7 52. Nxd5 exd5 53. Kxd5 Kb6 54. Ke6 Kxb5 55. d5 Kc4 56. d6 Kd4 57. Kxf5 Ke3 58. Kxg4 Kd4 59. d7 Ke4 60. Kg5 Kf3 61. f5 Ke4 62. Kf6 Kf3 63. Ke7 Kg4 64. f6 Kg5 65. f7 Kg4 66. f8=Q Kg5 67. Qf4+ Kg6 68. Qg5+ Kxg5 69. d8=Q Kg4 70. Ke6 Kf3 71. g4 Kxg4 72. Qf8 Kg5 73. Qf3 Kh6 74. Qg2 Kh5 75. Kf5 Kh6 76. Qg6# 1-0


[Site "https://www.chess.com"]

[Event "Titled Tuesday Blitz January 10 Late 2023"]
[White "Sivakumar, Shaashwath"]
[Black "Torres Dominguez, David"]
[WhiteFideId "30912156"]
[BlackFideId "2220857"]
[WhiteElo "2198"]
[BlackElo "1994"]
[Result "1-0"]
[Round "07"]
[TimeControl "180+2"]
[Date "2023.01.10"]
[WhiteClock "0:00:07"]
[BlackClock "0:00:05"]

1. d4 e5 2. dxe5 d6 3. exd6 Bxd6 4. Nf3 Bg4 5. e3 Nc6 6. Be2 Qe7 7. Nd4 Bd7 8. c3 O-O-O 9. Nd2 Nf6 10. N2f3 h5 11. Bd2 Ne4 12. Qc2 f5 13. O-O-O Nxf2 14. Nxf5 Bxf5 15. Qxf5+ Kb8 16. Nd4 Nxh1 17. Nxc6+ bxc6 18. Rxh1 Qe5 19. Qc2 Bc5 20. Qb3+ Bb6 21. Bf3 Rd6 22. c4 Rhd8 23. Bc3 Qxe3+ 24. Kb1 Rf6 25. Bxf6 Qxb3 26. axb3 gxf6 27. Rd1 Rxd1+ 28. Bxd1 h4 29. Kc2 Bg1 30. h3 Bh2 31. Kd3 Be5 32. Bf3 Bxb2 33. Bxc6 Be5 34. Ke4 a5 35. Kf5 Ka7 36. Kg4 Bg3 37. Bd5 Kb6 38. Kf5 Be5 39. Ke6 Kc5 40. Bf3 Kb4 41. Bd1 Kc3 42. Kd5 Kd2 43. Bf3 Kc2 44. Kc5 Kxb3 45. Kb5 a4 46. Bd1+ Kc3 47. Bxa4 Kd4 48. Bd1 Ke3 49. Bf3 Kf2 50. Kc6 Ke3 51. Kd5 Kf4 52. Ke6 Kg3 53. c5 Kf2 54. c6 Ke3 55. Kf5 Kd4 56. Kg4 Kc4 57. Kxh4 Kc5 58. Kg4 Kd6 59. Kf5 Ke7 60. Kg6 Kf8 61. h4 Kg8 62. g4 Kh8 63. Bd5 Bd4 64. Kf5 Bc3 65. Ke6 Bd4 66. Be4 Bc3 67. Bf5 Bb2 68. Kd7 Bc3 69. Kxc7 Be1 70. h5 Bg3+ 71. Kd7 Be5 72. c7 Bxc7 73. Kxc7 Kg7 74. Kd6 Kh6 75. Ke6 Kg5 76. Kf7 1-0


[Site "https://www.chess.com"]

[Event "Titled Tuesday Blitz January 10 Late 2023"]
[White "Perez Rodriguez, Jennifer"]
[Black "Smith, Garrett L"]
[WhiteFideId "3507831"]
[BlackFideId "2024829"]
[WhiteElo "2242"]
[BlackElo "2047"]
[Result "1-0"]
[Round "07"]
[TimeControl "180+2"]
[Date "2023.01.10"]
[WhiteClock "0:00:47"]
[BlackClock "0:00:47"]

1. e4 c5 2. c3 d5 3. exd5 Qxd5 4. d4 Nc6 5. Nf3 Bf5 6. Be3 Nf6 7. dxc5 Qxd1+ 8. Kxd1 e6 9. Nbd2 Ng4 10. b4 Nxe3+ 11. fxe3 O-O-O 12. Bb5 g6 13. Ke2 Bh6 14. Nd4 Bg4+ 15. N2f3 Ne5 16. h3 Bxf3+ 17. gxf3 a6 18. Ba4 Nc4 19. e4 e5 20. Nb3 Kc7 21. Rad1 b5 22. cxb6+ Nxb6 23. Nc5 Nxa4 24. Nxa4 Kc6 25. Nc5 f5 26. Rxd8 Rxd8 27. Rd1 Ra8 28. Nb3 Bf4 29. a4 fxe4 30. fxe4 g5 31. c4 h5 32. b5+ axb5 33. cxb5+ Kb6 34. Rd6+ Kc7 35. Rc6+ Kd7 36. a5 g4 37. hxg4 hxg4 38. Rg6 g3 39. b6 Rh8 40. b7 Kc7 41. a6 1-0


[Site "https://www.chess.com"]

[Event "Titled Tuesday Blitz January 10 Late 2023"]
[White "Stanisz, Patryk"]
[Black "Miszler, Levente"]
[WhiteFideId "1123106"]
[BlackFideId "763276"]
[WhiteElo "2161"]
[BlackElo "2271"]
[Result "1-0"]
[Round "07"]
[TimeControl "180+2"]
[Date "2023.01.10"]
[WhiteClock "0:00:32"]
[BlackClock "0:01:26"]

1. d4 Nf6 2. c4 e5 3. dxe5 Ng4 4. e3 Nxe5 5. Nh3 Nbc6 6. Be2 Bb4+ 7. Bd2 Qf6 8. Nf4 Bxd2+ 9. Qxd2 Ne7 10. Nc3 c6 11. O-O O-O 12. b3 g5 13. Nh5 Qh6 14. Ng3 f5 15. Qd4 N7g6 16. f4 gxf4 17. exf4 Ng4 18. Bxg4 fxg4 19. f5 Ne7 20. Rae1 Rf7 21. f6 Ng6 22. Nf5 Qg5 23. Re8+ Nf8 24. Ne4 Qh5 25. Rf4 d5 26. Rxg4+ Kh8 27. Rxf8+ Rxf8 28. f7# 1-0


[Site "https://www.chess.com"]

[Event "Titled Tuesday Blitz January 10 Late 2023"]
[White "Melikhov, Evgeny V."]
[Black "Antonio, Jorge Carlos"]
[WhiteFideId "4122046"]
[BlackFideId "113190"]
[WhiteElo "2269"]
[BlackElo "2277"]
[Result "1-0"]
[Round "07"]
[TimeControl "180+2"]
[Date "2023.01.10"]
[WhiteClock "0:00:10"]
[BlackClock "0:00:05"]

1. d4 d5 2. c4 c6 3. Nc3 dxc4 4. e4 b5 5. a4 b4 6. Na2 Nf6 7. e5 Nd5 8. Bxc4 e6 9. Nf3 Ba6 10. Qe2 Bxc4 11. Qxc4 Qa5 12. O-O Be7 13. Bg5 Qa6 14. Qc2 h6 15. Bxe7 Nxe7 16. Nxb4 Qb7 17. Nd3 a5 18. Nc5 Qa7 19. Ne4 O-O 20. Nd6 Na6 21. Rac1 Rab8 22. Rfd1 Nb4 23. Qc5 Qa6 24. Nc4 Ned5 25. Qxa5 Qxa5 26. Nxa5 Ra8 27. Nxc6 Nxc6 28. Rxc6 Rxa4 29. h4 Rb8 30. Rd2 Ra1+ 31. Kh2 Rb1 32. h5 R1xb2 33. Rxb2 Rxb2 34. Rc8+ Kh7 35. Kg3 g6 36. hxg6+ Kxg6 37. Rg8+ Kh7 38. Rf8 Kg7 39. Ra8 Rb3 40. Rc8 Ne7 41. Rd8 Nf5+ 42. Kh2 Rb2 43. Kg1 Rb1+ 44. Kh2 Rb2 45. d5 exd5 46. Rxd5 Rxf2 47. Rd7 Kg6 48. Kg1 Rb2 49. g4 Ne3 50. Rd6+ Kg7 51. Nh4 Nxg4 52. Nf5+ Kh7 53. Rd7 Nxe5 54. Re7 Kg6 55. Nd4 Ng4 56. Nf3 1-0


[Site "https://www.chess.com"]

[Event "Titled Tuesday Blitz January 10 Late 2023"]
[White "Kaminski, Victor"]
[Black "Floresvillar Gonzalez, Luis Migu"]
[WhiteFideId "1131630"]
[BlackFideId "5100542"]
[WhiteElo "2247"]
[BlackElo "2043"]
[Result "0-1"]
[Round "07"]
[TimeControl "180+2"]
[Date "2023.01.10"]
[WhiteClock "0:00:35"]
[BlackClock "0:01:03"]

1. e4 c6 2. d3 d5 3. Nf3 Bg4 4. h3 Bh5 5. Qe2 dxe4 6. dxe4 Nd7 7. Nc3 e5 8. Be3 Bb4 9. O-O-O Bxc3 10. bxc3 Qa5 11. Kb2 Bxf3 12. Qxf3 Ngf6 13. g4 h6 14. Bc4 Nb6 15. Bxb6 axb6 16. h4 b5 17. Bb3 c5 18. c4 Qa3+ 19. Kb1 bxc4 20. g5 cxb3 21. cxb3 Qxa2+ 22. Kc1 Qa1+ 23. Kd2 Qd4+ 24. Kc1 Ra1+ 25. Kc2 Ra2+ 0-1


[Site "https://www.chess.com"]

[Event "Titled Tuesday Blitz January 10 Late 2023"]
[White "Clawitter, Craig"]
[Black "Dedona, Mark"]
[WhiteFideId "2023105"]
[BlackFideId "30920256"]
[WhiteElo "2050"]
[BlackElo "1662"]
[Result "0-1"]
[Round "07"]
[TimeControl "180+2"]
[Date "2023.01.10"]
[WhiteClock "0:00:01"]
[BlackClock "0:01:10"]

1. e4 c5 2. Nf3 d6 3. d4 cxd4 4. Nxd4 Nf6 5. Nc3 a6 6. Be3 Ng4 7. Bg5 h6 8. Bh4 g5 9. Bg3 Bg7 10. Be2 h5 11. Bxg4 Bxg4 12. f3 h4 13. Bf2 Be6 14. Qd2 Bc4 15. Nf5 Bf6 16. Ne3 b5 17. Nxc4 bxc4 18. Qd5 Nd7 19. Qxc4 Rc8 20. Qxa6 Bxc3+ 21. bxc3 O-O 22. Qd3 Qa5 23. O-O Rxc3 24. Be1 Rxd3 25. Bxa5 Ra3 26. Bd2 f6 27. Bc1 Rc3 28. Rf2 Rfc8 29. a4 Rxc2 30. Rxc2 Rxc2 31. a5 Rc6 32. a6 Rc8 33. a7 Ra8 34. Be3 Kf7 35. Rb1 Ke6 36. Rb7 Rc8 37. Rb8 Rxb8 38. axb8=Q Nxb8 39. Kf2 Nc6 40. Ke2 Ke5 41. g3 e6 42. f4+ Kxe4 43. fxg5 fxg5 44. Bxg5 hxg3 45. hxg3 d5 46. Kd2 d4 47. Bh6 Ne5 48. Bf4 Ng4 49. Ke2 e5 50. Bg5 d3+ 51. Kd2 Kd4 52. Bh6 e4 53. Bf4 e3+ 54. Ke1 Ke4 55. Kd1 Kf3 56. Ke1 Kg2 57. Bxe3 Kf3 58. Kd2 Ke4 59. Bf4 Nh2 0-1


[Site "https://www.chess.com"]

[Event "Titled Tuesday Blitz January 10 Late 2023"]
[White "rikchessmx"]
[Black "Delaere, Jeroen"]
[BlackFideId "204129"]
[WhiteElo "2330"]
[BlackElo "2104"]
[Result "1-0"]
[Round "07"]
[TimeControl "180+2"]
[Date "2023.01.10"]
[WhiteClock "0:02:08"]
[BlackClock "0:01:02"]

1. e4 c6 2. d4 d5 3. Nc3 dxe4 4. Nxe4 Nf6 5. Ng5 Bf5 6. N1f3 h6 7. Nh3 Bxh3 8. gxh3 e6 9. c3 Nbd7 10. Bf4 c5 11. Bg3 cxd4 12. Nxd4 Be7 13. Bg2 Nc5 14. b4 Nce4 15. Qc2 Nxg3 16. hxg3 Nd5 17. a3 O-O 18. O-O Rc8 19. Ne2 Bf6 20. Rad1 Qc7 21. Bxd5 exd5 22. Rxd5 Bxc3 23. Rc5 Qe7 24. Rxc3 Rxc3 25. Nxc3 Rc8 26. Nd5 Qe6 27. Qxc8+ Qxc8 28. Ne7+ 1-0


[Site "https://www.chess.com"]

[Event "Titled Tuesday Blitz January 10 Late 2023"]
[White "Simonovic, Miroslav"]
[Black "Vasques, Antonio Pedro Freixial"]
[WhiteFideId "919152"]
[BlackFideId "1908332"]
[WhiteElo "2082"]
[BlackElo "2214"]
[Result "1/2-1/2"]
[Round "07"]
[TimeControl "180+2"]
[Date "2023.01.10"]
[WhiteClock "0:00:05"]
[BlackClock "0:00:24"]

1. d4 Nf6 2. Bg5 Ne4 3. h4 c5 4. dxc5 Qa5+ 5. Nd2 Nxd2 6. Qxd2 Qxc5 7. c3 Nc6 8. e4 d6 9. Be3 Qa5 10. b4 Qc7 11. f4 g6 12. Nf3 Bg7 13. Rc1 Kd8 14. h5 Bg4 15. hxg6 hxg6 16. Rxh8+ Bxh8 17. Be2 Rc8 18. c4 Ke8 19. Kf2 Kf8 20. a3 Bf6 21. Nd4 Bxe2 22. Kxe2 Qd7 23. Kf3 Bxd4 24. Bxd4 e5 25. Bxe5 Nxe5+ 26. fxe5 Rc6 27. c5 Ra6 28. Rc3 d5 29. Qxd5 Qe7 30. c6 bxc6 31. Rxc6 Rxa3+ 32. Kg4 Qxb4 33. e6 f5+ 34. Kg5 Rg3+ 35. Kf6 Qe7+ 36. Ke5 fxe4 37. Rc8+ Kg7 38. Qd7 Rg5+ 39. Kxe4 Kf6 40. Qxe7+ Kxe7 41. Rc7+ Kxe6 42. Rxa7 Rxg2 43. Ra6+ Kf7 44. Kf4 Rb2 45. Ra7+ Kf6 46. Ra6+ Kg7 47. Kg5 Rb5+ 48. Kg4 Kh6 49. Rc6 Rb4+ 50. Kg3 Kh5 51. Rc8 Rd4 52. Rh8+ Kg5 53. Rf8 Rd3+ 54. Kg2 Kg4 55. Rb8 Rd2+ 56. Kg1 g5 57. Rb3 Re2 58. Rc3 Kf4 59. Rc4+ Kg3 60. Rc3+ Kf4 61. Rc4+ Kf3 62. Rc3+ Re3 63. Rxe3+ Kxe3 64. Kg2 Kf4 65. Kf2 Kg4 66. Kg2 Kf4 67. Kf2 g4 68. Kg2 g3 69. Kg1 Ke3 70. Kg2 Kf4 71. Kg1 Kf3 72. Kf1 Kg4 73. Kg2 Kh4 74. Kg1 Kh3 75. Kh1 Kg4 76. Kg2 Kf4 1/2-1/2


[Site "https://www.chess.com"]

[Event "Titled Tuesday Blitz January 10 Late 2023"]
[White "Aspire_ie"]
[Black "Winkels, Marcel"]
[BlackFideId "1003887"]
[WhiteElo "2352"]
[BlackElo "1960"]
[Result "1-0"]
[Round "07"]
[TimeControl "180+2"]
[Date "2023.01.10"]
[WhiteClock "0:00:08"]
[BlackClock "0:00:38"]

1. e4 c5 2. Nf3 e6 3. d4 cxd4 4. Nxd4 Nc6 5. Nc3 Qc7 6. g3 a6 7. Bg2 Nf6 8. Nde2 d6 9. O-O Bd7 10. b3 Be7 11. Bb2 O-O 12. a4 Rfd8 13. Qd2 Be8 14. Rad1 Nb4 15. Ba3 d5 16. exd5 exd5 17. Nd4 Rac8 18. Bb2 Nc6 19. Rfe1 Bb4 20. Nxc6 Qxc6 21. Re3 Ne4 22. Bxe4 dxe4 23. Qxd8 Rxd8 24. Rxd8 f5 25. Nd5 Bc5 26. Rc3 Kf7 27. Ba3 Qb6 28. Rxe8 Bxa3 29. Re7+ Bxe7 30. Nxb6 1-0


[Site "https://www.chess.com"]